 Dungeon Crawl Stone Soup version 0.19.1 (webtiles) character file.

3674 schauveau the Cleaver (level 9, -3/74 HPs)
             Began as a Minotaur Fighter on Dec 11, 2016.
             Was a Priest of Okawaru.
             Slain by a hornet (8 damage)
             ... on level 9 of the Dungeon.
             The game lasted 00:13:38 (7486 turns).

schauveau the Cleaver (Minotaur Fighter)            Turns: 7486, Time: 00:13:39

Health: -3/74      AC: 22    Str: 27    XL:     9   Next: 89%
Magic:  7/8        EV: 10    Int:  5    God:    Okawaru [***...]
Gold:   337        SH:  0    Dex: 10    Spells: 0 memorised, 8 levels left

rFire  . . .     SeeInvis .     a - +0 war axe
rCold  . . .     Gourm    .     e - +0 plate armour
rNeg   . . .     Faith    +     (no shield)
rPois  .         Spirit   .     (helmet restricted)
rElec  .         Reflect  .     o - +1 cloak
rCorr  .         Harm     .     d - +0 pair of gloves
MR     .....                    l - +0 pair of boots
Stlth  ..........               h - amulet of faith
                                (no ring)
                                u - +3 ring of strength

@: lethally poisoned (-3 -> -12), heroism, slowed, very slow
A: retaliatory headbutt, horns 2
a: Heroism, Renounce Religion


You were on level 9 of the Dungeon.
You worshipped Okawaru.
Okawaru was most pleased with you.
You were not hungry.

You visited 2 branches of the dungeon, and saw 10 of its levels.

You collected 489 gold pieces.
You spent 152 gold pieces at shops.

Inventory:

Hand Weapons
 a - a +0 war axe (weapon)
 r - a +0 trident
Armour
 d - a +0 pair of gloves (worn)
 e - a +0 plate armour (worn)
 l - a +0 pair of boots (worn)
 o - a +1 cloak (worn)
Jewellery
 h - an amulet of faith (around neck)
 u - a +3 ring of strength (left hand)
 B - an uncursed amulet of guardian spirit
 G - a +3 ring of intelligence {unknown}
Wands
 b - a wand of digging (13/24)
 N - a wand of flame (11/48)
Scrolls
 c - 4 scrolls of remove curse
 j - a scroll of amnesia
 k - 2 scrolls of magic mapping
 q - 2 scrolls of enchant armour {unknown}
 s - a scroll of fog {unknown}
 x - a scroll of teleportation {unknown}
 y - 3 scrolls of fear {unknown}
 A - a scroll of enchant weapon {unknown}
 H - 3 scrolls of identify
 J - a scroll of noise {unknown}
 L - 3 scrolls of vulnerability {unknown}
 M - a scroll of holy word {unknown}
Potions
 g - a potion of ambrosia
 m - a potion of lignification {unknown}
 n - a potion of cure mutation {unknown}
 p - 3 potions of brilliance
 t - 2 potions of cancellation
 z - 2 potions of berserk rage {unknown}
 C - 2 potions of haste
 D - 2 potions of mutation {unknown}
 F - a potion of magic {unknown}
Books
 E - a book of Misfortune

   Spells                             Type                      Level
   a - Confusing Touch                Hexes                        1
   b - Confuse                        Hexes                        3
   c - Gell's Gravitas                Hexes/Translocation          3
   d - Petrify                        Transmutation/Earth          4
   e - Metabolic Englaciation         Hexes/Ice                    5
   f - Yara's Violent Unravelling     Hexes/Transmutation          5
Comestibles
 f - 3 bread rations
 i - 39 fruits
 I - a meat ration
 K - 2 chunks of flesh


   Skills:
 + Level 5.1(10.1) Fighting
 * Level 13.7(18.7) Axes
 - Level 9.4(14.4) Armour
   Level 3.6(8.6) Shields


You had 8 spell levels left.
You didn't know any spells.

Dungeon Overview and Level Annotations

Branches:
Dungeon (9/15)             Temple (1/1) D:6
   Lair: D:8-11         Orc: D:9-12

Altars:
Ashenzari
Cheibriados
Dithmenos
Elyvilon
Fedhas
Gozag
Hepliaklqana
Kikubaaqudgha
Makhleb
Nemelex Xobeh
Okawaru
Qazlal
Ru
Trog
Uskayaw
Vehumet
Xom
Yredelemnul
Zin
The Shining One

Shops:
D:5 *([*!


Innate Abilities, Weirdness & Mutations

You reflexively headbutt those who attack you in melee.
You have a pair of horns on your head.


Message History

The hornet stings you!
* * * LOW HITPOINT WARNING * * *
You are lethally poisoned!
You suddenly lose the ability to move!
* * * LOW HITPOINT WARNING * * *
You feel sick.
The hornet stings you but does no damage.
The hornet completely misses you.
You can move again.
You miss the hornet.
The hornet is severely wounded.
* * * LOW HITPOINT WARNING * * *
You feel sick.
The hornet stings you but does no damage.
You closely miss the hornet.
The hornet is severely wounded.
* * * LOW HITPOINT WARNING * * *
You feel sick. The hornet barely misses you. You furiously retaliate!
You headbutt the hornet. The hornet stings you!
You die...

#..# #..#
..######..#
..........######
########.......#
#.......#
#..######
#########..#
......y@...#
####.......#
#.#####.# # ###
.# .# .#


You could see a hornet.

Vanquished Creatures
  A manticore (D:8)
  Grinder (D:3)
  A two-headed ogre (D:8)
  A hippogriff (D:8)
  The ghost of schauveau the Cudgeler, an amateur GrBe of Trog (D:4)
  3 water moccasins
  An ice beast (D:3)
  2 phantoms
  3 sky beasts
  An ogre (D:4)
  3 centaurs
  2 big kobolds (D:8)
  2 bullfrogs
  A water moccasin zombie (D:7)
  3 scorpions
  4 howler monkeys (D:8)
  A crimson imp (D:8)
  A bullfrog zombie (D:5)
  3 hounds
  A jelly (D:8)
  An orc priest (D:4)
  2 orc wizards (D:8)
  An iguana (D:6)
  5 worker ants
  Terence (D:2)
  A hound skeleton (D:4)
  3 worker ant zombies
  4 gnolls
  9 adders
  2 shadow imps (D:5)
  An adder zombie (D:8)
  A worm (D:3)
  4 dart slugs
  6 leopard geckos
  20 orcs
  3 giant cockroaches
  9 goblins
  4 hobgoblins
  7 jackals
  A quokka (D:6)
  7 bats
  A frilled lizard (D:1)
  11 kobolds
  A quokka zombie (D:6)
  5 rats
146 creatures vanquished.

Notes
Turn   | Place    | Note
-------+----------+-------------------------------------------
     0 | D:1      | schauveau the Minotaur Fighter began the quest for the Orb.
     0 | D:1      | Reached XP level 1. HP: 19/19 MP: 0/0
   236 | D:1      | Reached skill level 3 in Axes
   372 | D:1      | Reached XP level 2. HP: 24/26 MP: 1/1
   550 | D:2      | Reached skill level 4 in Axes
   550 | D:2      | Reached XP level 3. HP: 10/31 MP: 2/2
   997 | D:2      | Found a hide-covered altar of Uskayaw.
  1232 | D:2      | Noticed Terence
  1242 | D:2      | Killed Terence
  1242 | D:2      | Reached skill level 5 in Axes
  1242 | D:2      | Reached XP level 4. HP: 29/39 MP: 3/3
  1706 | D:3      | Found a glowing silver altar of Zin.
  1882 | D:3      | Noticed Grinder
  1892 | D:3      | Paralysed by Grinder for 3 turns
  1901 | D:3      | Killed Grinder
  1901 | D:3      | Reached skill level 7 in Axes
  1901 | D:3      | Reached skill level 5 in Armour
  1901 | D:3      | Reached XP level 5. HP: 17/45 MP: 4/4
  1901 | D:3      | Reached XP level 6. HP: 19/51 MP: 5/5
  2000 | D:3      | Noticed a water moccasin
  2012 | D:3      | Killed a water moccasin
  2100 | D:3      | Found a blossoming altar of Fedhas.
  2569 | D:3      | Noticed an ice beast
  2602 | D:3      | Killed an ice beast
  2602 | D:3      | Reached skill level 8 in Axes
  2602 | D:3      | Reached XP level 7. HP: 16/57 MP: 6/6
  2845 | D:4      | Noticed schauveau's ghost (amateur GrBe)
  2869 | D:4      | Killed schauveau's ghost
  3144 | D:5      | Entered Level 5 of the Dungeon
  3198 | D:4      | Reached skill level 9 in Axes
  3321 | D:5      | Found Dopnihics's Armour Emporium.
  3348 | D:5      | Found Povvux's Antique Weapon Shoppe.
  3395 | D:5      | Bought a +1 cloak for 126 gold pieces
  3431 | D:5      | Found Axoqase's Assorted Antiques.
  3437 | D:5      | Reached XP level 8. HP: 63/64 MP: 7/7
  3459 | D:5      | Found Mozaruf's Distillery.
  3520 | D:5      | Found Peisacsa's Assorted Antiques.
  3539 | D:5      | Bought a scroll labeled ISHUKHAAZO for 26 gold pieces
  3636 | D:6      | Found a staircase to the Ecumenical Temple.
  3645 | Temple   | Entered the Ecumenical Temple
  3673 | Temple   | Became a worshipper of Warmaster Okawaru
  3756 | D:4      | Reached skill level 10 in Axes
  4748 | D:5      | Found a shattered altar of Ashenzari.
  5380 | D:6      | Reached * piety under Okawaru
  5380 | D:6      | Reached skill level 11 in Axes
  5881 | D:7      | Found a shimmering altar of Xom.
  6453 | D:7      | Reached XP level 9. HP: 63/70 MP: 8/8
  6812 | D:8      | Reached skill level 12 in Axes
  6816 | D:8      | Reached ** piety under Okawaru
  6888 | D:8      | Noticed a manticore
  6897 | D:8      | Killed a manticore
  6928 | D:8      | Reached skill level 13 in Axes
  7066 | D:8      | Reached *** piety under Okawaru
  7140 | D:8      | Reached skill level 5 in Fighting
  7458 | D:9      | Paralysed by a hornet for 2 turns
  7465 | D:9      | Paralysed by a hornet for 3 turns
  7477 | D:9      | Paralysed by a hornet for 3 turns
  7483 | D:9      | Paralysed by a hornet for 2 turns
  7486 | D:9      | Slain by a hornet

Skill      XL: |  1  2  3  4  5  6  7  8  9 |
---------------+----------------------------+-----
Axes           | 3 4 5 7 8 9 11 13 | 13.7
Armour         | 5 6 8 9 |  9.4
Fighting       | 5 |  5.1
Shields        | |  3.6

Action                   |  1- 3 |  4- 6 |  7- 9 || total
-------------------------+-------+-------+-------++-------
Melee: War axe           |    64 |   115 |   292 ||   471
       Headbutt          |     5 |    19 |    66 ||    90
Invok: Heroism           |       |       |     1 ||     1
  Use: Potion            |     1 |       |     5 ||     6
       Scroll            |       |       |    11 ||    11
  Eat: Chunk             |     1 |     4 |     1 ||     6
       Meat ration       |       |       |     1 ||     1
       Bread ration      |       |       |     2 ||     2
       Fruit             |       |       |     2 ||     2
Armor: Plate armour      |    53 |    88 |   194 ||   335
       Scale mail        |     3 |       |       ||     3
Dodge: Dodged            |    23 |    34 |   103 ||   160
